 Dungeon Crawl Stone Soup version 0.19-a0-944-gb338e1e (webtiles) character file.

14996 Charly the Grappler (level 12, -3/77 HPs)
             Began as a Gargoyle Monk on July 8, 2016.
             Was a High Priest of Cheibriados.
             Killed from afar by an ice dragon (23 damage)
             ... with a blast of cold
             ... in an ice cave.
             The game lasted 01:12:12 (4022 turns).

Charly the Grappler (Gargoyle Monk)                 Turns: 4022, Time: 01:12:13

Health: -3/77      AC: 24    Str: 30    XL:     12   Next: 22%
Magic:  15/15      EV: 12    Int: 22    God:    Cheibriados [*****.]
Gold:   647        SH:  8    Dex: 33    Spells: 0 memorised, 11 levels left

rFire  . . .     SeeInvis .       - Unarmed
rCold  . . .     Gourm    .     d - +0 plate armour
rNeg   + . .     Faith    .     c - +2 buckler {reflect}
rPois  ∞         Spirit   .     (no helmet)
rElec  +         Dismiss  .     (no cloak)
rCorr  .         Reflect  +     e - +0 pair of gloves
SustAt .         Harm     .     (no boots)
MR     .....                    (no amulet)
Stlth  ..........               m - +5 ring of dexterity
                                p - +4 ring of dexterity

@: about to teleport, flying, very slow, not resistant to hostile enchantments,
extremely unstealthy
A: negative energy resistance 1, electricity resistance, unbreathing,
petrification resistance, rot immunity, AC +8
a: Bend Time, Temporal Distortion, Slouch, Step From Time, Renounce Religion


You were in an ice cave.
You worshipped Cheibriados.
Cheibriados was extremely pleased with you.
You were very hungry.

You visited 2 branches of the dungeon, and saw 17 of its levels.
You also visited: Ossuary, Ice Cave and Volcano.

You collected 684 gold pieces.
You spent 37 gold pieces at shops.

Inventory:

Hand Weapons
 a - a +3 blowgun
Missiles
 k - 21 poisoned needles
 A - a throwing net (quivered)
Armour
 c - a +2 buckler of reflection (worn)
 d - a +0 plate armour (worn)
 e - a +0 pair of gloves (worn)
 i - a +0 ring mail of magic resistance
 B - a +4 ring mail of fire resistance
Jewellery
 m - a +5 ring of dexterity (right hand)
 p - a +4 ring of dexterity (left hand)
Wands
 n - a wand of digging (13/24)
 w - a wand of heal wounds (1/9)
Scrolls
 l - a scroll of immolation
 r - a scroll of teleportation
 v - a scroll of remove curse
Potions
 f - 3 potions of curing
 h - a potion of cancellation
 j - a potion of brilliance {unknown}
 s - 2 potions of lignification {unknown}
 t - a potion of magic {unknown}
 u - 3 potions of resistance {unknown}
Comestibles
 b - 2 bread rations
 o - 2 meat rations


   Skills:
 + Level 9.9 Fighting
 + Level 9.4 Armour
 - Level 5.5 Dodging
 - Level 2.1 Stealth
 + Level 13.5 Unarmed Combat
 - Level 4.0 Invocations


You had 11 spell levels left.
You didn't know any spells.

Dungeon Overview and Level Annotations

Branches:
Dungeon (12/15)            Temple (0/1) D:7            Lair (5/6) D:9
  Snake (0/4) Lair:3        Slime (0/5) Lair:5
  Swamp: Lair:2-4    Shoals: Lair:2-4       Orc: D:9-12

Altars:
Ashenzari
Cheibriados
Gozag
Okawaru
Trog
Yredelemnul
The Shining One

Shops:
D:5 (

Annotations:
D:8 Erolcha
Lair:3 3 exclusions
Lair:5 2 exclusions IceCv Zebura's ghost, journeyman NaGl


Innate Abilities, Weirdness & Mutations

You are resistant to torment.
Your stone body is resilient. (AC +8)
You are immune to poison.
You resist negative energy. (rN+)
You are resistant to electric shocks. (rElec)
You can survive without breathing.
You are immune to petrification.
You are immune to rotting.


Message History

No such ability.
Drop what? 24/52 slots (_ for help) (? for menu, Esc to quit)
Okay, then.
You feel very buoyant.
You fly up into the air.
Found 27 gold pieces. 2 ice dragons and a player ghost come into view.
The ice dragon roars deafeningly! x2
Zebura's ghost turns its malevolent gaze towards you.
The ice dragon breathes frost at you. The blast of cold hits you!
The ice dragon breathes frost at you. The blast of cold hits you!
* * * LOW HITPOINT WARNING * * *
Found four items.
As you read the scroll of teleportation, it crumbles to dust.
You feel strangely unstable. The ice dragon breathes frost at you.
The blast of cold hits you!
You die...

### ##≈### ### #
####≈≈#≈####.###
##=#..≈≈≈≈≈≈##.#..###
#$=WD#≈≈≈≈≈##...#...##
#$"$#§≈≈≈####.#####..##
#..==##@≈≈....##...##..#
#.D.W #≈≈≈#..## #..#...
#..... #≈≈≈##.# #.#.#.#
#..D.. #≈≈≈##... #..#..
#....$ #≈≈≈###.## ##.###
....$$ #≈≈## #. #..###
#≈≈# ## #.###. #≈≈≈
#..#.. ##....


You could see an ice dragon and Zebura's ghost.

Vanquished Creatures
  Josephine (Lair:5)
  A lindwurm (Volcano)
  2 ugly things
  A black mamba (Lair:2)
  A guardian serpent (shapeshifter) (D:10)
  A molten gargoyle (Volcano)
  Joseph (D:8)
  2 centaur zombies
  3 spiny frogs
  4 gargoyles
  2 centaur skeletons
  A rime drake (IceCv)
  A komodo dragon (Lair:1)
  A troll (D:10)
  4 blink frogs (Lair:4)
  6 yaks (Lair:2)
  2 fire elementals (Volcano)
  2 wyverns
  4 wraiths (Lair:5)
  3 hippogriffs
  A basilisk (Lair:3)
  3 nagas (Lair:3)
  A soldier ant (D:11)
  A porcupine (Lair:2)
  3 water moccasins
  2 orc warriors
  2 black bears
  7 ice beasts
  A phantom (D:11)
  A sky beast (D:7)
  A wasp (D:10)
  2 centaurs
  3 ogres
  3 crocodiles
  2 giant frogs
  A big kobold (D:12)
  4 killer bees (D:11)
  13 wights
  2 crimson imps
  A quasit (D:11)
  2 orc priests (D:10)
  A hound (D:6)
  8 jellies
  5 orc wizards
  2 giant frog skeletons
  Natasha (twice) (D:3)
  An iguana (Lair:2)
  2 worker ants
  A hound zombie (D:9)
  A worker ant zombie (D:11)
  3 adders
  10 river rats (Lair:3)
  3 shadow imps
  12 white imps (Lair:5)
  3 oozes
  An adder zombie (D:8)
  A worm zombie (D:7)
  2 adder skeletons
  A worm (D:3)
  A dart slug (D:3)
  A giant gecko (D:3)
  18 orcs
  A goblin (D:2)
  A hobgoblin (D:1)
  6 jackals
  A quokka (D:5)
  2 giant newts
  A hobgoblin zombie (D:7)
  4 kobolds (D:12)
  2 rats (D:3)
  A fire vortex (Volcano)
197 creatures vanquished.

Vanquished Creatures (others)
  A fire vortex (Volcano)
  A plant (Lair:5)
2 creatures vanquished.

Grand Total: 199 creatures vanquished

Notes
Turn   | Place    | Note
-------+----------+-------------------------------------------
     0 | D:1      | Charly the Gargoyle Monk began the quest for the Orb.
     0 | D:1      | Reached XP level 1. HP: 14/14 MP: 1/1
    66 | D:3      | Found a faded altar of an unknown god.
   161 | D:4      | Noticed a wight
   271 | D:3      | Reached XP level 2. HP: 5/19 MP: 2/2
   380 | D:5      | Entered Level 5 of the Dungeon
   380 | D:5      | Noticed a phantom
   417 | D:4      | Reached skill level 4 in Unarmed Combat
   417 | D:4      | Reached XP level 3. HP: 1/23 MP: 3/3
   633 | D:3      | Noticed Natasha
   648 | D:3      | Killed Natasha
   675 | D:3      | Found a shattered altar of Ashenzari.
   676 | D:3      | Found a snail-covered altar of Cheibriados.
   679 | D:3      | Found a basalt altar of Yredelemnul.
   681 | D:3      | Found an iron altar of Okawaru.
   684 | D:3      | Found an opulent altar of Gozag.
   686 | D:3      | Became a worshipper of Cheibriados the Contemplative
   686 | D:3      | Reached * piety under Cheibriados
   686 | D:3      | Reached ** piety under Cheibriados
   803 | D:3      | Reached XP level 4. HP: 13/28 MP: 4/4
   807 | D:3      | Noticed Natasha
   823 | D:3      | Killed Natasha
   823 | D:3      | Reached skill level 5 in Unarmed Combat
   869 | D:5      | Reached XP level 5. HP: 20/32 MP: 5/5
   886 | D:5      | Noticed a centaur
   901 | D:5      | Killed a centaur
   901 | D:5      | Reached skill level 6 in Unarmed Combat
   918 | D:5      | Found Jozialog's Antique Weapon Boutique.
   927 | D:5      | Bought a glowing blowgun for 37 gold pieces
  1048 | D:6      | Reached XP level 6. HP: 31/37 MP: 6/6
  1050 | D:7      | Found a glowing golden altar of the Shining One.
  1110 | D:7      | Noticed a sky beast
  1125 | D:7      | Killed a sky beast
  1125 | D:7      | Reached skill level 7 in Unarmed Combat
  1132 | D:7      | Found a staircase to the Ecumenical Temple.
  1187 | D:7      | Reached XP level 7. HP: 19/41 MP: 7/7
  1232 | D:7      | Found a sand-covered staircase.
  1249 | D:7      | Reached skill level 8 in Unarmed Combat
  1258 | Ossuary  | Entered an ossuary
  1303 | Ossuary  | Noticed a flying skull
  1303 | Ossuary  | Noticed a wraith
  1310 | Ossuary  | Noticed a flying skull
  1319 | Ossuary  | Noticed a flying skull
  1400 | D:7      | Reached *** piety under Cheibriados
  1451 | D:7      | Reached skill level 9 in Unarmed Combat
  1479 | D:8      | Noticed Erolcha
  1493 | D:8      | Identified a scroll of acquirement
  1521 | D:8      | Noticed Joseph
  1544 | D:8      | Killed Joseph
  1544 | D:8      | Reached skill level 10 in Unarmed Combat
  1544 | D:8      | Reached XP level 8. HP: 29/46 MP: 8/8
  1600 | D:9      | Found a staircase to the Lair.
  1623 | D:9      | Reached skill level 1 in Invocations
  1628 | D:9      | Found a bloodstained altar of Trog.
  1656 | D:10     | Entered Level 10 of the Dungeon
  1661 | D:10     | Noticed a guardian serpent
  1683 | D:10     | Killed a guardian serpent
  1683 | D:10     | Reached XP level 9. HP: 22/51 MP: 9/11
  1685 | D:10     | Reached skill level 11 in Unarmed Combat
  1791 | D:10     | Reached **** piety under Cheibriados
  1791 | D:10     | Reached skill level 1 in Armour
  1800 | D:10     | Noticed a gargoyle
  1817 | D:10     | Killed a gargoyle
  1866 | D:10     | Noticed a troll
  1880 | D:10     | Killed a troll
  1977 | D:11     | Reached skill level 5 in Fighting
  2052 | D:12     | Reached XP level 10. HP: 32/59 MP: 13/13
  2147 | D:11     | HP: 3/60 [ogre/giant club (14)]
  2254 | D:11     | Reached skill level 5 in Armour
  2370 | D:12     | Noticed a red ugly thing
  2379 | D:12     | Killed a red ugly thing
  2552 | D:12     | Reached skill level 12 in Unarmed Combat
  2582 | D:12     | Reached skill level 5 in Dodging
  2620 | D:11     | Noticed a white ugly thing
  2633 | D:11     | Killed a white ugly thing
  2841 | Lair:1   | Entered Level 1 of the Lair of Beasts
  2895 | Lair:1   | Reached XP level 11. HP: 52/67 MP: 14/14
  3150 | Lair:3   | Found a staircase to the Snake Pit.
  3323 | Lair:3   | Found a dark tunnel.
  3352 | Volcano  | Entered a volcano
  3480 | Volcano  | Noticed a lindwurm
  3523 | Volcano  | Killed a lindwurm
  3548 | Volcano  | Reached skill level 13 in Unarmed Combat
  3684 | Lair:4   | Reached ***** piety under Cheibriados
  3770 | Lair:5   | Found a staircase to the Slime Pits.
  3770 | Lair:5   | Noticed Josephine
  3787 | Lair:5   | Killed Josephine
  3787 | Lair:5   | Reached XP level 12. HP: 65/76 MP: 9/15
  3869 | Lair:5   | Found a frozen archway.
  3916 | IceCv    | Entered an ice cave
  4019 | IceCv    | Noticed an ice dragon
  4019 | IceCv    | Noticed an ice dragon
  4019 | IceCv    | Noticed Zebura's ghost (journeyman NaGl)
  4022 | IceCv    | Killed from afar by an ice dragon

Vault maps used:
D:1:      matt_arrival_spirals
D:2:      first_bread, okawaru_trees_2
D:3:      minitemple, ecumenical_altar_1, uniq_natasha
D:5:      serial_shops, nicolae_shop_trees, kennysheep_mini_moat, shop_statue,
          lemuel_flamethrower_2
D:6:      old_forge, johnstein_pakellas_dig, elyvilon_altar_1
D:7:      old_standard_altar, enter_ossuary_3
D:8:      regret_index_temple_of_mockery, lemuel_round_altar, special_room,
          grunt_livestock, uniq_joseph, uniq_grum, uniq_erolcha
D:9:      nicolae_overflow_crystal_walls, lair_0_dummy, orc_0_dummy, st_stairs_3
D:10:     roderic_nine_men_s_morris
D:11:     grunt_ministairs_14
D:12:     uniq_frances
Lair:2:   regret_index_wax_grids, minmay_swamp_entry_reptiles, basic_altar,
          grunt_megastairs_1
Lair:3:   minmay_snake_entry_guardpost_small, lightli_volcano_entry_magma_tube,
          uniq_snorg
Lair:4:   beast_lair_carwin_large_2, basic_altar, serial_bayou_shore_a,
          uniq_rupert
Lair:5:   minmay_slime_entry_jelly_boxes, portal_ice_cave_entry_imps,
          worms_lemuel, grunt_megastairs_2, uniq_josephine
Ossuary:  ossuary_due_cavern
IceCv:    ice_cave_small_dragons
Volcano:  volcano_aerie

Skill      XL: |  1  2  3  4  5  6  7  8  9 10 11 |
---------------+----------------------------------+-----
Unarmed Combat | 4 5 6 7 10 11 12 13 | 13.5
Invocations    | 3 4 |  4.0
Armour         | 4 6 9 |  9.4
Fighting       | 5 7 9 |  9.9
Dodging        | 4 5 |  5.5
Stealth        | |  2.1

Action                   |  1- 3 |  4- 6 |  7- 9 | 10-12 || total
-------------------------+-------+-------+-------+-------++-------
Melee: Unarmed           |   128 |   108 |   232 |   476 ||   944
       Punch             |     1 |     3 |     1 |       ||     5
 Fire: Blowgun           |       |     4 |       |    12 ||    16
Invok: Slouch            |       |       |     1 |     4 ||     5
       Bend Time         |       |       |       |     1 ||     1
Evoke: Wand              |       |       |    12 |    11 ||    23
  Use: Potion            |       |     1 |     5 |     2 ||     8
       Scroll            |       |     3 |    10 |     7 ||    20
  Eat: Chunk             |       |       |     3 |     2 ||     5
       Pizza             |       |       |       |     1 ||     1
Armor: Plate armour      |    62 |    70 |   114 |   209 ||   455
       Robe              |     9 |       |       |       ||     9
Dodge: Dodged            |    31 |    29 |    83 |   177 ||   320
Block: Buckler           |       |       |    73 |   123 ||   196
       Reflection        |       |       |     2 |     5 ||     7
